Unix NetHack Version 5.0.0-0 post-release - last build May 17 2026 04:57:42 (dc50c8380fa5e20985bfe3072449f57b8d9895ef,branch:main).

Game began 2026-05-19 14:52:08, ended 2026-05-19 15:05:29.

Drastanta, lawful male human Samurai

                                                             ------
                                                             |*...|
                                                ------      #.....-#
                                                |....|      #------#
                                                |....|      #      #
                                                |....|      #      #
                            ----------------####.....|      ###    #
                          ##->..d...........#   -+--.-        #  ########
                          # |..............|      #####      ##### #----.----
                     #######...............|         #        ##    |.......|
                     # #    ----------------         #         #    |.......|
                     d #                             #         #    |....)..|
                    e@##                             ###       #    |.......|
                    q#                            -----|-------#    ......<.|
                 .                                |...........|#    |.......|
                                                  |...........|#    ---------
                                                  |.{..........#
                                                  |...........|
                                                  -------------

Drastanta the Ronin    St:17 Dx:15 Co:18 In:10 Wi:8 Ch:7  Lawful
Dlvl:4  $:52 HP:0(43) Pw:13(13) AC:4  Xp:4 T:1386 

Latest messages:
 $ - 16 gold pieces (47 in total).
 You hear the splashing of a naiad.
 You swap places with Hachi.
 You swap places with Hachi.
 You find a hidden door.
 It's a wall.
 You swap places with Hachi.
 The door opens.
 It's solid stone.
 It's solid stone.
 It's solid stone.
 This door is locked.
 This door is locked.
 This door is locked.
 In what direction? 4
 As you kick the door, it crashes open!
 You see here a spiked wand.
 n - a spiked wand.
 You see here 5 gold pieces.
 $ - 5 gold pieces (52 in total).
 You see here a clear potion.
 o - a clear potion.
 You descend the stairs.
 You climb up the stairs.
 The door opens.
 It's solid stone.
 It's solid stone.
 It's solid stone.
 It's solid stone.
 You hit the floating eye!
 You are frozen by the floating eye's gaze!
 Hachi misses the floating eye.
 Hachi is frozen by the floating eye's gaze!
 The rothe hits!
 The rothe just misses!
 The rothe bites!
 The rothe hits!
 The rothe bites!
 The rothe bites again!
 The rothe hits!
 The rothe bites!
 The rothe bites again!
 The rothe hits!
 The rothe bites!
 The rothe bites again!
 The rothe hits!
 The rothe bites!
 The rothe bites again!
 You die...
 Do you want your possessions identified? [ynq] (y) q

Inventory:
 Coins    ('$')
  $ - 52 gold pieces
 Weapons  (')')
  d - 30 +0 ya (in quiver)
  c - a +0 yumi (alternate weapon; not wielded)
  a - a +0 katana (weapon in right hand)
  b - a +0 wakizashi
 Armor    ('[')
  e - an uncursed rustproof +0 splint mail (being worn)
 Scrolls  ('?')
  f - an uncursed scroll of enchant weapon
  k - a blessed scroll of identify
  i - 2 uncursed scrolls of identify
  m - an uncursed scroll of magic mapping
  l - an uncursed scroll of scare monster
 Potions  ('!')
  o - an uncursed potion of water
 Wands    ('/')
  g - a wand of nothing (0:12)
  n - a wand of polymorph (0:7)
 Tools    ('(')
  j - an uncursed leash

Drastanta the Samurai's attributes:

Background:
 You were a Ronin, a level 4 male human Samurai.
 You were lawful, nominally on a mission for Amaterasu Omikami
 who was opposed by Raijin (neutral) and Susanowo (chaotic).
 You were right-handed.
 You were in the Dungeons of Doom, on level 4.
 You entered the dungeon 1386 turns ago.
 There was a new moon in effect when your adventure ended.
 You had 122 experience points, 38 more were needed to attain level 5.

Basics:
 You had 0 out of 43 hit points.
 You had all 13 energy points (spell power).
 Your armor class was 4.
 Your wallet contained 52 zorkmids.
 Autopickup was off.

Final Characteristics:
 Your strength was 17 (limit:18/100).
 Your dexterity was 15 (limit:18).
 Your constitution was 18 (limit:18).
 Your intelligence was 10 (limit:18).
 Your wisdom was 8 (limit:18).
 Your charisma was 7 (limit:18).

Final Status:
 You weren't hungry.
 You were unencumbered.
 You were wielding a long sword.
 You had basic skill with long sword.

Final Attributes:
 You were devoutly aligned.
 You were telepathic.
 You were warded.
 You were fast.
 You are dead.

Miscellaneous:
 You didn't encounter any bones levels.
 Total elapsed playing time was 12 minutes and 31 seconds.

Major events:
 Turn
    1: Drastanta the lawful male human Samurai entered the dungeon
  537: attained the rank of Ronin (level 3)
 1296: entered the Gnomish Mines
 1386: killed by a rothe, while frozen by a floating eye's gaze

You didn't know any spells.

Skills:
 Fighting Skills
   martial arts      [Basic]
   two weapon combat [Unskilled]
   riding            [Unskilled]
 Weapon Skills
   dagger            [Unskilled]
   knife             [Unskilled]
   short sword       [Basic]
   broadsword        [Unskilled]
   long sword        [Basic]
   two-handed sword  [Unskilled]
   saber             [Unskilled]
   flail             [Unskilled]
   quarterstaff      [Unskilled]
   polearms          [Unskilled]
   spear             [Unskilled]
   lance             [Unskilled]
   bow               [Basic]
   shuriken          [Unskilled]
 Spellcasting Skills
   attack spells     [Unskilled]
   divination spells [Unskilled]
   clerical spells   [Unskilled]

Voluntary challenges:
 Character rerolling was not enabled.
 You were an atheist.
 You were illiterate.
 You never genocided any monsters.
 You never polymorphed an object.
 You never changed form.
 You used no wishes.
Achievements:
 You entered a shop.
 You attained the rank of Ronin.
 You entered the Gnomish Mines.

 The Dungeons of Doom: levels 1 to 4
    Level 1:
       A fountain.
    Level 2:
       A general store, a fountain.
    Level 3:
       A general store.
    Level 4: <- You were here.
       A fountain.
       Stairs down to The Gnomish Mines.
       Final resting place for
          you, killed by a rothe, while frozen by a floating eye's gaze.
 The Gnomish Mines:
    Level 5:
 The Tutorial:
    Level 1:


Vanquished creatures:
  a small mimic
  a shrieker
  a floating eye
  a giant bat
  3 orc zombies
  3 dwarf zombies
  a hobbit
  a large kobold
  2 giant rats
  a red mold
  4 gnome zombies
  a gecko
  2 jackals
  3 grid bugs
  a lichen
  6 kobold zombies
  4 newts
36 creatures vanquished.

No species were genocided or became extinct.

Game over:
                       ----------
                      /          \
                     /    REST    \
                    /      IN      \
                   /     PEACE      \
                  /                  \
                  |    Drastanta     |
                  |      52 Au       |
                  |   killed by a    |
                  |      rothe       |
                  |                  |
                  |                  |
                  |       2026       |
                 *|     *  *  *      | *
        _________)/\\_//(\/(/\)/\//\/|_)_______

Sayonara Drastanta the Samurai...

You died in The Dungeons of Doom on dungeon level 4 with 735 points,
and 52 pieces of gold, after 1386 moves.
You were level 4 with a maximum of 43 hit points when you died.

